 Dungeon Sprint DCSS version 0.17-a0-755-g4391640 (webtiles) character file.

10 Trafet the Gusty (level 2, -2/22 HPs)
             Began as a Deep Dwarf Air Elementalist on Apr 22, 2015.
             Was an Initiate of Makhleb.
             Shot with an arrow by a centaur (11 damage)
             ... in the Dungeon (Sprint IX: "|||||||||||||||||||||||||||||").
             The game lasted 00:01:40 (136 turns).

Trafet the Gusty (Deep Dwarf Air Elementalist)       Turns: 136, Time: 00:01:40

Health: -2/22      AC:  6    Str: 11    XL:     2   Next: 10%
Magic:  3/4        EV: 14    Int: 15    God:    Makhleb [......]
Gold:   0          SH:  0    Dex: 13    Spells: 2 memorised, 1 level left

rFire  . . .     SeeInvis .     o - staff of energy
rCold  . . .     Clarity  .     a - +0 robe
rNeg   . . .     SustAb   .     (no shield)
rPois  .         Gourm    .     (no helmet)
rElec  .         Spirit   .     q - +0 cloak
rCorr  .         Warding  .     (no gloves)
rMut   .         NoTele   +     p - +0 pair of boots
MR     .....                    (no amulet)
Stlth  ++........               s - +2 ring of protection
                                r - +2 ring of evasion

@: non-regenerating, not resistant to hostile enchantments, unstealthy
A: damage resistance, recharge devices, sense surroundings 1, slow healing 3
a: Device Recharging, Renounce Religion


You were in the Dungeon.
You worshipped Makhleb.
Makhleb was noncommittal.
You were not hungry.

You visited 1 branch

Inventory:

Hand weapons
 g - a +0 club
Armour
 a - a +0 robe (worn)
 p - a +0 pair of boots (worn)
 q - a +0 cloak (worn)
Magical staves
 o - an uncursed staff of energy (weapon)
Jewellery
 r - a +2 ring of evasion (left hand)
 s - a +2 ring of protection (right hand)
Magical devices
 c - a wand of heal wounds (5)
 n - a wand of cold (7)
Scrolls
 j - 2 scrolls of blinking
 l - 3 scrolls of remove curse
 m - 2 scrolls of amnesia
Potions
 e - 5 potions of curing
 f - 3 potions of heal wounds
 h - 4 potions of magic
 i - a potion of berserk rage
 k - a potion of invisibility
Books
 b - a book of Air

   Spells                             Type                      Level
   a - Shock                          Conjuration/Air              1
   b - Swiftness                      Charms/Air                   2
   c - Repel Missiles                 Charms/Air                   2
   d - Flight                         Charms/Air                   3
   e - Static Discharge               Conjuration/Air              3
   f - Lightning Bolt                 Conjuration/Air              5
Comestibles
 d - a bread ration


   Skills:
 - Level 2.2 Dodging
 - Level 2.5 Stealth
 - Level 1.7 Spellcasting
 + Level 2.5 Conjurations
 + Level 3.2 Air Magic


You had one spell level left.
You knew the following spells:

 Your Spells              Type           Power        Failure   Level  Hunger
a - Shock                 Conj/Air       #...         10%         1    None
b - Swiftness             Chrm/Air       #.......     17%         2    None


Dungeon Overview and Level Annotations

Branches:
Dungeon (1/1)

Altars:
Cheibriados
Dithmenos
Elyvilon
Fedhas
Gozag
Kikubaaqudgha
Makhleb
Nemelex Xobeh
Okawaru
Qazlal
Ru
Sif Muna
Trog
Vehumet
Xom
Yredelemnul
Zin
The Shining One
Beogh
Jiyva
Lugonu


Innate Abilities, Weirdness & Mutations

You are resistant to damage.
You can recharge devices by infusing magical energy.
You passively map a small area around you.
You do not heal naturally.


Message History

The centaur wields a glowing shortbow.
The centaur shoots an arrow.
The arrow barely misses you.
The orc shouts!
Unknown command.
Casting: Shock
Confirm with . or Enter, or press ? or * to list all spells.
Aiming: Shock
Press: ? - help, Shift-Dir - straight line, f - centaur
Aim: a centaur, wielding an enchanted shortbow The zap hits the centaur.
The centaur appears unharmed.
The zap misses the killer bee.
The zap hits the adder.
The adder is heavily wounded.
The zap hits the orc.
The orc is heavily wounded.
The zap hits the hobgoblin.
The hobgoblin is almost dead.
The zap hits the sky beast.
The sky beast completely resists.
The zap misses the sky beast.
The centaur shoots an arrow.
The arrow hits you!
Ouch! That really hurt!
You die...

, * * , , , , , , * * **
, , , , ,, * * *** ,
,,,,, , , *
▓▓▓▓▓▓▓▓▓▓▓▓▓▓▓▓▓▓▓▓▓▓▓▓▓
+YgoSyc'@.[..)(..'_______
*
▓▓▓▓▓▓▓▓▓▓▓▓▓▓▓▓▓▓▓▓▓▓▓▓▓


You could see a sky beast, a centaur, a killer bee, an adder, an orc and a
hobgoblin.

Vanquished Creatures
  4 hobgoblins (D)
  A giant gecko zombie (D)
  A giant newt (D)
  2 goblins (D)
  2 rats (D)
10 creatures vanquished.

Notes
Turn   | Place    | Note
--------------------------------------------------------------
     0 | D        | Trafet, the Deep Dwarf Air Elementalist, began the quest for the Orb.
     0 | D        | Reached XP level 1. HP: 15/15 MP: 3/3
     7 | D        | Reached skill level 1 in Conjurations
    52 | D        | Reached skill level 3 in Air Magic
    56 | D        | Reached XP level 2. HP: 10/22 MP: 0/4
    65 | D        | Found a glowing silver altar of Zin.
    65 | D        | Found a glowing golden altar of the Shining One.
    65 | D        | Found an ancient bone altar of Kikubaaqudgha.
    65 | D        | Found a basalt altar of Yredelemnul.
    65 | D        | Found a shimmering altar of Xom.
    65 | D        | Found a radiant altar of Vehumet.
    65 | D        | Found an iron altar of Okawaru.
    66 | D        | Found a burning altar of Makhleb.
    67 | D        | Found a deep blue altar of Sif Muna.
    68 | D        | Found a bloodstained altar of Trog.
    69 | D        | Found a sparkling altar of Nemelex Xobeh.
    70 | D        | Found a white marble altar of Elyvilon.
    71 | D        | Found a roughly hewn altar of Beogh.
    72 | D        | Found a viscous altar of Jiyva.
    73 | D        | Found a corrupted altar of Lugonu.
    74 | D        | Found a blossoming altar of Fedhas.
    75 | D        | Became a worshipper of Makhleb the Destroyer
    76 | D        | Found a snail-covered altar of Cheibriados.
    77 | D        | Found a shadowy altar of Dithmenos.
    78 | D        | Found a stormy altar of Qazlal.
    79 | D        | Found an opulent altar of Gozag.
    80 | D        | Found a sacrificial altar of Ru.
    98 | D        | Learned a level 2 spell: Swiftness
   135 | D        | Noticed a sky beast
   135 | D        | Noticed a killer bee
   135 | D        | Noticed a centaur
   136 | D        | Shot with an arrow by a centaur

Action                   || total
-------------------------++-------
Melee: Unarmed           ||    24
       Club              ||    14
 Cast: Shock             ||     5
  Use: Potion            ||     1
